 Dungeon Crawl Stone Soup version 0.16.1-4-g8e1b745 (webtiles) character file.

96 RobertPalmer the Cutter (level 4, 0/29 HPs)
             Began as an Octopode Warper on Mar 26, 2015.
             Slain by a crimson imp (1 damage)
             ... summoned by Natasha
             ... on level 3 of the Dungeon.
             The game lasted 00:02:35 (2877 turns).

RobertPalmer the Cutter (Octopode Warper)           Turns: 2877, Time: 00:02:35

Health: 0/29       AC:  1    Str: 10    XL:     4   Next: 67%
Magic:  7/7        EV: 12    Int: 15    God:
Gold:   63         SH:  0    Dex: 12    Spells: 2 memorised, 4 levels left

rFire  . . .     SeeInvis .     a - +1 dagger (drain)
rCold  . . .     Clarity  .     (no shield)
rNeg   . . .     SustAb   .     (helmet restricted)
rPois  .         Gourm    .     i - amulet of faith {Faith, !P}
rElec  .         Spirit   .     (no ring)
rCorr  .         Warding  .     (no ring)
rMut   .         Stasis   .     (no ring)
MR     .....                    (no ring)
Stlth  ++........               (no ring)
                                (no ring)
                                (no ring)
                                (no ring)

@: drained, not resistant to hostile enchantments, unstealthy
A: almost no armour, amphibious, 8 rings, constrict 8, camouflage 1, gelatinous
body 1
a: no special abilities


You were on level 3 of the Dungeon.
You were not hungry.

You visited 1 branch of the dungeon, and saw 3 of its levels.

You collected 63 gold pieces.

Inventory:

Hand weapons
 a - a +1 dagger of draining (weapon)
   (You took it off a goblin on level 2 of the Dungeon)
Missiles
 e - 5 tomahawks of dispersal {=f}
Jewellery
 i - an amulet of faith (around mantle) {Faith, !P}
   (You found it on level 1 of the Dungeon)
Scrolls
 b - a scroll of identify
 d - 2 scrolls of blinking {!r}
 h - a scroll of noise {unknown}
 k - a scroll of random uselessness
 l - a scroll of fog {unknown}
Potions
 j - a potion of curing
Books
 c - a book of Spatial Translocations
Comestibles
 f - 3 bread rations {@e1}
 g - a beef jerky


   Skills:
 - Level 2.0(1.5) Fighting
 + Level 4.7(4.2) Short Blades
 - Level 1.0(0.6) Throwing
 - Level 2.3(1.9) Dodging
 - Level 2.0(1.5) Spellcasting
 - Level 3.0(2.5) Translocations


You had 4 spell levels left.
You knew the following spells:

 Your Spells              Type           Power        Failure   Level  Hunger
b - Blink                 Tloc           N/A          14%         2    ###....
g - Apportation           Tloc           #.........   12%         1    ##.....


Dungeon Overview and Level Annotations

Branches:
Dungeon (3/15)

Altars:
Ashenzari
Gozag
Xom
Zin

Annotations:
D:3 Natasha


Innate Abilities, Weirdness & Mutations

You cannot wear most types of armour.
You are amphibious.
You can wear up to eight rings at the same time.
You can use your tentacles to constrict many enemies at once.
Your skin changes colour to match your surroundings (Stealth).
Your rubbery body absorbs attacks (AC +1).


Message History

You feel sick.
You take 1 damage, and have 2/29 hp.
Drink which item? (? for menu, Esc to quit)
It was a potion of curing.
You feel better.
You regained 7 hp, and now have 9/29 hp.
There are no objects that can be picked up here. a goblin corpse; an adder corpse Wield which item (- for none, * to show all)? (? for menu, Esc to quit)
You sense an unholy aura.
m - a +1 dagger of draining (weapon)
Adjust (i)tems, (s)pells, or (a)bilities?
Adjust which item? (? for menu, Esc to quit)
m - a +1 dagger of draining (weapon)
Adjust to which letter? (? for menu, Esc to quit)
a - a +1 dagger of draining (weapon);
m - a +0 short sword Drop what? 13/52 slots (_ for help) (? for menu, Esc to quit)
You drop a +0 short sword.
Unknown command.
You are feeling very hungry.
You regained 2 hp, and now have 11/29 hp.
You see here a giant newt skeleton.
Done exploring.
You regained 2 hp, and now have 13/29 hp.
Done exploring.
Done exploring.
Done exploring.
Done exploring.
You start resting.
A hobgoblin comes into view.
You regained 8 hp, and now have 21/29 hp.
A hobgoblin is nearby!
The hobgoblin shouts!
You barely miss the hobgoblin. You grab the hobgoblin.
You constrict the hobgoblin. You hit the hobgoblin. You squeeze the hobgoblin.
You kill the hobgoblin!
You see here a hobgoblin corpse.
You butcher the hobgoblin corpse.
m - 3 chunks of flesh {@w0} You see here a hobgoblin skeleton.
Eating one of 3 chunks of flesh {@w0}.
You continue eating. x2
You start resting.
Eating one of 2 chunks of flesh {@w0}.
You continue eating. x2
Health restored: 29 You start waiting.
Done waiting.
You can't go down here!
Unknown command.
(D) Dungeon
Where to? (Enter - D:1 @ (x,y), ? - help)
There is a stone staircase leading down here.
You climb downwards.
A bat comes into view.
There is a stone staircase leading up here.
Unknown command.
A bat is nearby!
A bat is nearby!
A bat is nearby!
The bat hits you. The bat barely misses you.
You take 1 damage, and have 28/29 hp.
A bat is nearby!
You hit the bat. You drain the bat!
You kill the bat!
No target in view!
You see here a ring mail.
All of the chunks of flesh in your inventory have rotted away.
Found a stone staircase leading down.
Health restored: 29 No target in view!
You now have 63 gold pieces (gained 16).
Natasha, Servant of Life and Death comes into view.
Really walk into a travel-excluded area? [Y]es or [N]o only, please.
Really walk into a travel-excluded area?
Natasha mumbles some strange words.
Natasha casts a spell.
The shadow imp gestures at you. Pain shoots through your body!
You take 8 damage, and have 21/29 hp.
MASSIVE DAMAGE!!
Natasha claws you! The shadow imp hits you.
* * * LOW HITPOINT WARNING * * *
You take 15 damage, and have 6/29 hp.
MASSIVE DAMAGE!!
You hit Natasha but do no damage. You drain Natasha! Your grab misses Natasha.
Natasha claws you.
* * * LOW HITPOINT WARNING * * *
You take 2 damage, and have 4/29 hp.
Unknown command.
You closely miss Natasha. You grab Natasha. You constrict Natasha.
The shadow imp barely misses you. The crimson imp hits you.
* * * LOW HITPOINT WARNING * * *
Natasha claws you.
* * * LOW HITPOINT WARNING * * *
You take 3 damage, and have 1/29 hp.
Unknown command.
You hit Natasha but do no damage. You drain Natasha! You constrict Natasha.
The shadow imp closely misses you. The crimson imp hits you.
You die...

## ##.# ## .... ##...#
#. ..... #$....##.
#.... .........###....
#.......##.....#####.#
#......5@#...........
#......h5.....>....#
#.....###......##
##...# #......# ##.#
#.....## .(..# #.....#
.....###.....#####
...................
......#....#######.


You could see Natasha, a crimson imp and a shadow imp.

Vanquished Creatures
  3 adders (D:2)
  2 worms (D:2)
  2 giant geckos
  A ball python (D:1)
  3 giant cockroaches
  3 goblins
  6 hobgoblins
  7 jackals (D:2)
  4 kobolds
  A quokka (D:2)
  5 bats
  6 giant newts
  12 rats
55 creatures vanquished.

Notes
Turn   | Place    | Note
--------------------------------------------------------------
     0 | D:1      | RobertPalmer, the Octopode Warper, began the quest for the Orb.
     0 | D:1      | Reached XP level 1. HP: 14/14 MP: 3/3
   483 | D:1      | Reached XP level 2. HP: 19/19 MP: 4/4
   656 | D:1      | Reached skill level 3 in Short Blades
   925 | D:1      | Reached XP level 3. HP: 24/24 MP: 6/6
  1063 | D:2      | Found a shattered altar of Ashenzari.
  1266 | D:1      | Learned a level 2 spell: Blink
  1683 | D:2      | Found a glowing silver altar of Zin.
  1685 | D:2      | Noticed an angel
  1691 | D:2      | Reached skill level 4 in Short Blades
  1694 | D:2      | Found a shimmering altar of Xom.
  1699 | D:2      | HP: 6/24 [jackal (1)]
  1705 | D:2      | HP: 1/24 [goblin/stone (4)]
  2004 | D:2      | Reached XP level 4. HP: 20/29 MP: 7/7
  2241 | D:2      | Found an opulent altar of Gozag.
  2483 | D:2      | HP: 7/29 [poisoned by an adder]
  2484 | D:2      | HP: 3/29 [goblin/dagger of draining (1)]
  2868 | D:3      | Noticed Natasha
  2874 | D:3      | HP: 6/29 [shadow imp[Natasha] (5)]
  2876 | D:3      | HP: 2/29 [crimson imp[Natasha] (2)]
  2877 | D:3      | Slain by a crimson imp

Action                   |  1- 3 |  4- 6 || total
-------------------------+-------+-------++-------
Melee: Short sword       |   103 |    38 ||   141
       Dagger            |       |     6 ||     6
  Use: Scroll            |     2 |       ||     2
       Potion            |       |     1 ||     1
 Stab: Sleeping          |     2 |     1 ||     3
  Eat: Chunk             |     2 |     4 ||     6

Vault maps used:
D:1:      nicolae_arrival_somewhat_less_tricky_arrival, st_stairs_3,
          grunt_decor_arrowhead
D:2:      grunt_temple_overflow_order_and_chaos_1, evilmike_ruin_ashenzari,
          grunt_gozag_statues, nicolae_overflow_hidden_temple, first_bread
D:3:      kennysheep_generic_room_10, uniq_natasha

Table legend:
 A = Turns spent in this place as a percentage of turns spent in the entire game.
 B = Non-inter-level travel turns spent in this place as a percentage of non-inter-level travel turns spent in the entire game.
 C = Inter-level travel turns spent in this place as a percentage of turns spent in this place.
 D = Turns resting spent in this place as a percentage of non-inter-level travel turns spent in this place.
 E = Turns spent auto-exploring this place as a percentage of non-inter-level travel turns spent in this place.
 F = Non-inter-level travel turns spent in this place divided by the number of levels of this place that you've seen.
                   A       B       C       D       E      F
               +-------+-------+-------+-------+-------+----------------------
         Total | 100.0 | 100.0 |   0.7 |   4.6 |   9.7 | 233.0
       Dungeon | 100.0 | 100.0 |   0.7 |   4.6 |   9.7 | 233.0
               +-------+-------+-------+-------+-------+----------------------

Table legend:
 A = Kills in this place as a percentage of kills in entire the game.
 B = Kills by you in this place as a percentage of kills by you in the entire game.
 C = Kills by friends in this place as a percentage of kills by friends in the entire game.
 D = Other kills in this place as a percentage of other kills in the entire game.
 E = Experience gained in this place as a percentage of experience gained in the entire game.
 F = Experience gained in this place divided by the number of levels of this place that you have seen.
                   A       B       C       D       E      F
               +-------+-------+-------+-------+-------+----------------------
         Total | 100.0 | 100.0 |  -nan |  -nan | 100.0 |  46.0
       Dungeon | 100.0 | 100.0 |  -nan |  -nan | 100.0 |  46.0
               +-------+-------+-------+-------+-------+----------------------
